Cogmind - Beta 10.2 @@@ ROGUE MODE // 2021.07.12 @ 16:27:52 Player: Burgers_Lettuce Result: Destroyed by D-53 Grenadier with Mini Grenade Launcher Performance ------------- Evolutions (0) 0 Regions Visited (2) 400 Robots Destroyed (15) 75 Value Destroyed (279) 279 Prototype IDs (0) 0 Alien Tech Used (0) 0 Bonus (0) 0 TOTAL SCORE: 754 Bonus ------- None Cogmind --------- Core Integrity 0/250 Matter 250/300 Energy 100/100 System Corruption 0% Temperature Cool (0) Movement Core (100) Ox1 Location -10/Mines Parts ------- > --- POWER (1) -------- (None) > --- PROPULSION (2) --- (None) > --- UTILITY (2) ------ Small Storage Unit Targeting Computer > --- WEAPON (2) ------- (None) > --- INVENTORY (6) ---- Ion Engine Ion Engine Light Treads Improved Heat Sink Assault Rifle Grenade Launcher Peak State ------------ > --- POWER ------------ Ion Engine > --- PROPULSION ------- Light Treads Wheel > --- UTILITY ---------- Small Storage Unit High-capacity Battery > --- WEAPON ----------- EM Pulse Gun Medium Laser > --- INVENTORY -------- Ion Engine Light Treads Wheel Assault Rifle [Rating: 7] Favorites ----------- Power Light Ion Engine Engine Light Ion Engine Propulsion Light Treads Treads Light Treads Wheel Wheel Utility Small Storage Unit Storage Small Storage Unit Processor Targeting Computer Weapon EM Pulse Gun Energy Gun EM Pulse Gun Ballistic Gun Assault Rifle Build | -11 -10 -10 ------- Run | Scr Mat Min Slots Evolved . | . . . Power . | . . . Propulsion . | . . . Utility . | . . . Weapon . | . . . Parts Attached 22 | 6 15 1 Power 3 | 1 2 . Engine 3 | 1 2 . Core . | . . . Reactor . | . . . Propulsion 6 | 2 3 1 Treads 2 | 1 1 . Leg . | . . . Wheel 4 | 1 2 1 Hover . | . . . Flight . | . . . Utility 3 | 1 2 . Device . | . . . Storage 2 | 1 1 . Processor 1 | . 1 . Hackware . | . . . Protection . | . . . Artifact . | . . . Weapon 10 | 2 8 . Energy Gun 9 | 2 7 . Energy Cannon . | . . . Ballistic Gun 1 | . 1 . Ballistic Cannon . | . . . Launcher . | . . . Special Weapon . | . . . Impact Weapon . | . . . Slashing Weapon . | . . . Piercing Weapon . | . . . Special Melee Weapon . | . . . Unidentified Prototypes . | . . . Parts Lost 9 | . 3 6 Power 2 | . 1 1 Propulsion 4 | . 1 3 Utility . | . . . Weapon 3 | . 1 2 Highest Loss Streak 6 | . 1 6 Average Slot Usage (%) 98 | . 98 97 Engine 13 | . 13 14 Treads 13 | . 13 14 Wheel 13 | . 13 14 Storage 20 | . 20 14 Processor 7 | . 6 14 Energy Gun 25 | . 25 25 Ballistic Gun 2 | . 2 . Naked Turns . | . . . Heaviest Build 17 | 13 17 11 Greatest Support 20 | 10 20 10 Greatest Overweight (x) 4 | 1 4 3 Average Overweight (x) 1 | . 1 . Largest Inventory Capacity 6 | 6 6 6 Average Capacity 5 | 5 6 6 Most Carried 6 | 4 6 6 Average Carried 5 | 2 5 6 Final Capacity 6 | 6 6 6 Final Carried 6 | 4 6 6 Class Distribution -------------------- 100% | Mutant Dominant Class ---------------- Mutant | -10/Materials Mutant | -10/Mines Resources | -11 -10 -10 ----------- Run | Scr Mat Min Matter Collected 335 | 251 84 . Remotely . | . . . Salvage Created 472 | . 472 . Parts 34 | . 34 . Haulers Intercepted 2 | . 2 . Recyclers Shooed . | . . . Parts Field Recycled . | . . . Retrieved Matter . | . . . Parts Self-Destructed . | . . . Prevented . | . . . Kills | -11 -10 -10 ------- Run | Scr Mat Min Combat Hostiles Destroyed 11 | . 11 . Guns 11 | . 11 . Classes Destroyed 4 | . 4 . Hauler 2 | . 2 . Watcher 2 | . 2 . Swarmer 6 | . 6 . Grunt 5 | . 5 . Best Kill Streak 3 | . 3 . Combat Bots Only 3 | . 3 . Max Kills in Single Turn 1 | . 1 . Gunslinging . | . . . Exploded . | . . . Melee . | . . . Uniques/NPCs Destroyed . | . . . Combat | -11 -10 -10 -------- Run | Scr Mat Min Damage Taken 730 | . 347 383 Core 252 | . 62 190 Absorbed by Shields . | . . . Core Remaining (%) 100 | 100 . . Volleys Fired 34 | . 34 . Largest 2 | . 2 . Hottest 90 | . 90 . Shots Fired 64 | . 64 . Gun 64 | . 64 . Cannon . | . . . Launcher . | . . . Special . | . . . Kinetic . | . . . Thermal 12 | . 12 . Explosive . | . . . Electromagnetic 52 | . 52 . Robot Hit Streak 13 | . 13 . Robot Miss Streak 3 | . 3 . Penetration Max . | . . . Secondary Targets 1 | . 1 . Max Gunslinging Chain 1 | . 1 . Shots Hit Robots 42 | . 42 . Core Hits 20 | . 20 . Critical Hits . | . . . Critical Kills . | . . . Critical Parts Destroyed . | . . . Melee Attacks . | . . . Impact . | . . . Slashing . | . . . Piercing . | . . . Sneak Attacks . | . . . Combat Hostiles . | . . . Follow-up Attacks . | . . . Damage Inflicted 612 | . 612 . Guns 587 | . 587 . Cannons . | . . . Explosions 25 | . 25 . Melee . | . . . Ramming . | . . . Kinetic . | . . . Thermal 138 | . 138 . Explosive . | . . . Electromagnetic 474 | . 474 . Impact . | . . . Slashing . | . . . Piercing . | . . . Highest Corruption . | . . . Average Corruption . | . . . Corruption Purged . | . . . Overload Shots . | . . . Overflow Damage . | . . . Projectiles . | . . . Explosions . | . . . Melee . | . . . Knockbacks . | . . . Impact . | . . . Kinetic . | . . . Secondary . | . . . Self-Inflicted Damage . | . . . Shots . | . . . Rammed . | . . . Targets Rammed . | . . . Kicked . | . . . Crushed . | . . . Highest Temperature 174 | . 174 . Average Temperature 49 | . 49 . Received Heat Transfer 84 | . 84 . Siege Activations . | . . . Robots Corrupted . | . . . Combat Hostiles . | . . . Parts Fried 2 | . 2 . Impact Corruptions . | . . . Robots Melted . | . . . Combat Hostiles . | . . . Parts Melted . | . . . Heat Transferred 383 | . 383 . Parts Sabotaged . | . . . Parts Stolen . | . . . Parts Stripped . | . . . Power Chain Reactions 1 | . 1 . Missiles Intercepted . | . . . Alert | -11 -10 -10 ------- Run | Scr Mat Min Peak Influence 175 | . 175 56 Initial 56 | . . 56 Average 81 | . 87 51 Maximum Alert Level . | . . . Low Security (%) 100 | 100 100 100 Level 1 . | . . . Level 2 . | . . . Level 3 . | . . . Level 4 . | . . . Level 5 . | . . . High Security . | . . . Max Security . | . . . Squads Dispatched 4 | . 4 . Investigation 2 | . 2 . Extermination . | . . . Reinforcement 2 | . 2 . Assault . | . . . Garrison . | . . . Intercept . | . . . Construction Impeded . | . . . Haulers Reinforced . | . . . Stealth | -11 -10 -10 --------- Run | Scr Mat Min Distress Signals . | . . . Communications Jammed . | . . . Distress Signals . | . . . Times Spotted 29 | . 23 6 Peak Tracking Total 6 | . 3 6 Tactical Retreats 1 | . 1 . Traps | -11 -10 -10 ------- Run | Scr Mat Min Traps Triggered 5 | . 5 . Indirectly . | . . . Trap Hack Attempts . | . . . Triggered . | . . . Disarmed . | . . . Reprogrammed . | . . . Reused . | . . . Traps Extracted . | . . . Installed . | . . . Triggered . | . . . Machines | -11 -10 -10 ---------- Run | Scr Mat Min Machines Disabled . | . . . Max in Single Turn . | . . . Machines Sabotaged . | . . . Garrisons Compromised . | . . . Overloaded Fab Kills . | . . . Fab Network Shutdowns . | . . . Hacking | -11 -10 -10 --------- Run | Scr Mat Min Machines Accessed 6 | . 6 . Terminals 4 | . 4 . Fabricators . | . . . Repair Stations 1 | . 1 . Recycling Units 1 | . 1 . Scanalyzers . | . . . Garrison Access . | . . . Total Hacks 21 | . 21 . Successful 13 | . 13 . Failed 8 | . 8 . Catastrophic 2 | . 2 . Database Lockouts . | . . . Manual 19 | . 19 . Terminals 13 | . 13 . Fabricators . | . . . Repair Stations 4 | . 4 . Recycling Units 4 | . 4 . Scanalyzers . | . . . Garrison Access . | . . . Terminal Hacks 1 | . 1 . Terminal Index 1 | . 1 . Fabricator Hacks . | . . . Repair Station Hacks 4 | . 4 . Scan Component 2 | . 2 . Repair 1 | . 1 . Refit 1 | . 1 . Recycling Unit Hacks 3 | . 3 . Process 1 | . 1 . Report Inventory 2 | . 2 . Scanalyzer . | . . . Garrison Access Hacks . | . . . Unauthorized Hacks 5 | . 5 . Terminals 4 | . 4 . Botnet 3 | . 3 . Operators 1 | . 1 . Fabricators . | . . . Repair Stations . | . . . Recycling Units 1 | . 1 . Tunnel 1 | . 1 . Scanalyzers . | . . . Garrison Access . | . . . Data Cores Recovered . | . . . Used . | . . . Hacking Detections 5 | . 5 . Full Trace Events 2 | . 2 . Feedback Events . | . . . Feedback Blocked . | . . . Robot Schematics Acquired . | . . . Robots Built . | . . . Matter . | . . . Time . | . . . Total Robot Build Rating . | . . . Part Schematics Acquired . | . . . Parts Built . | . . . Matter . | . . . Time . | . . . Total Part Build Rating . | . . . Parts Repaired 1 | . 1 . Time 26 | . 26 . Parts Recycled . | . . . Recycled Matter 99 | . 99 . Retrieved Matter . | . . . Retrieved Components . | . . . Parts Scanalyzed . | . . . Part Schematics Acquired . | . . . Parts Damaged . | . . . Bothacking | -11 -10 -10 ------------ Run | Scr Mat Min Used RIF Installer . | . . . Robots Hacked . | . . . Non-combat . | . . . Combat . | . . . Robot Hacks Applied . | . . . Relay Couplers Released . | . . . Robots Rewired . | . . . Allies Hacked . | . . . Hacks Repelled . | . . . Allies | -11 -10 -10 -------- Run | Scr Mat Min Total Allies . | . . . Largest Group . | . . . Highest-Rated Group . | . . . Highest-Rated Ally . | . . . Total Orders . | . . . Ally Attacks . | . . . Total Damage . | . . . Kills . | . . . Allies Corrupted . | . . . Allies Melted . | . . . Intel | -11 -10 -10 ------- Run | Scr Mat Min Robot Analysis Total . | . . . Derelict Logs Recovered . | . . . Drone Launches . | . . . Drone Recoveries . | . . . Exploration | -11 -10 -10 ------------- Run | Scr Mat Min Turns Passed 1325 | 67 1195 63 Spaces Moved 1009 | 62 901 46 Core 35 | 1 32 2 Treads 13 | . 13 . Legs . | . . . Wheels 961 | 61 856 44 Hover . | . . . Flight . | . . . Fastest Speed 50 | 50 80 80 Average Speed 94 | 87 95 91 Slowest Speed 250 | 90 250 200 Overloaded Moves . | . . . Propulsion Burnouts . | . . . Robots Hopped . | . . . Cave-ins Triggered . | . . . Exploration Rate (%) 38 | 3 93 20 Regions Visited 2 Branch Regions 1 Pre-discovered Areas 1 | . 1 . Known Exits Taken . | . . . Unknown Exits Taken 2 | 1 1 . Scrap Searched . | . . . Spaces Dug . | . . . Terrain Destroyed 6 | . 6 . Melee . | . . . Projectile . | . . . AOE 6 | . 6 . Terrain Rammed . | . . . Walls Destroyed . | . . . Machines Disabled . | . . . Actions | -11 -10 -10 --------- Run | Scr Mat Min Total 1306 | 71 1169 66 Wait 231 | . 212 19 Move 1007 | 61 900 46 Hop . | . . . Pick Up 8 | 4 4 . Fast Attach 15 | 6 8 1 Attach 3 | . 3 . Detach . | . . . Swap 4 | . 4 . Drop 4 | . 4 . Fire 34 | . 34 . Melee . | . . . Ram . | . . . Kick . | . . . Crush . | . . . Escape Stasis . | . . . Rewire . | . . . Trap . | . . . Miscellaneous . | . . . Route ------- -11/Scrapyard -10/Materials (discovered 4 exits: [*Mat x3] / [*Min]) -10/Mines History --------- Turn | Location | Event 11 | -11/Scrapyard | Discovered new exit (range 15) 68 | -11/Scrapyard | Entered Materials 250 | -10/Materials | Discovered new exit (range 4) 317 | -10/Materials | Build established: Mutant 698 | -10/Materials | Discovered new exit (range 16) 937 | -10/Materials | Discovered new exit (range 4) 1211 | -10/Materials | Repaired EM Pulse Gun 1250 | -10/Materials | Discovered new exit (range 8) 1263 | -10/Materials | Entered Mines 1265 | -10/Mines | Met a Derelict bent on vengeance 1293 | -10/Mines | Assembled infested the area 1298 | -10/Mines | Assisted by a Guerilla fighting off Assembled 1319 | -10/Mines | Core integrity fell below 50% 1325 | -10/Mines | Core integrity fell below 20% 1326 | -10/Mines | Destroyed by D-53 Grenadier with Mini Grenade Launcher Last Messages --------------- way!" 01312_ HV Slug penetrates Wall. 01312_ D-53 Grenadier suffers critical hit. 01314_ K-01 Serf collects debris. 01314_ Wheel destroyed. 01314_ K-01 Serf destroyed. 01316_ HV Slug penetrates D-53 Grenadier. 01316_ HV Slug penetrates Wall. 01316_ EM Pulse Gun destroyed. 01317_ Acquired Wheel. 01319_ U-05 Engineer builds a Wall. 01322_ CB-TW7(h) destroyed. 01322_ Lgt. Treads destroyed. 01324_ U-05 Engineer lays Concrete. 01324_ as-10330 destroyed. 01324_ as-77066 destroyed. 01325_ Wheel destroyed. 01326_ U-05 Engineer lays Concrete. 01326_ Lgt. Ion Engine destroyed. 01326_ EM Pulse Gun destroyed. Map ----- +----------------------------------------------------+ | ?????????????????????????????????????????????????? | | ?????????????????????????????????????????????????? | | ?????????????????????????????????????????????????? | | ?????????????????????????????????????????????????? | | ?????????????????????????????????????????????????? | | ?????????????????????????????????????????????????? | | ?????????????????????????????????????????????????? | | ?????????????????????????????????????????????????? | | ?????????????????????????????????????????????????? | | ????????????????? # ?????????????????????????????? | | ????????????????? #???? ?????????????????????? | | ??????????????### ##??? ?????????????????????? | | ?????????????? #??? ?????????????????????? | | ?????????????? ???? ?????????????????????? | | ???????????????" ???? ?????????????????????? | | ???????????????%" #???? ???????????????????? | | ??????????????## #???? ?????????????????? | | ?????????????### #??## ?????????????????? | | ?????????????#; u ??## ?????????????????? | | ?????????????# #### ???????????????????? | | ?????????????# dd ## ????????????????????? | | ?????????????# ## #?????????????????????? | | ?????????????# ###????????????????????? | | ?????????????# ##???????????????????? | | ????????????## #???????????????????? | | ??????####### @ #???????????????????? | | ?????## ## ##???????????????? | | ????## # a #?????????? | | ????# # #### ####???????????? | | ???## ## ##???????????????????? | | ?### ### # #####????????????????????? | | ?# #?##### #????????????????????????? | | ?# #?????##?????????????????????????? | | ?# ##????????????????????????????????? | | ?### ###?????????????????????????????????? | | ##### ##???????????????????????????????????? | | ##????????????????????????????????????? | | ##?????????????????????????????????????? | | #### ##??????????????????????????????????????? | | #??## ##???????????????????????????????????????? | | #???####????????????????????????????????????????? | | #???????????????????????????????????????????????? | | #???????????????????????????????????????????????? | | ##???????????????????????????????????????????????? | | ?????????????????????????????????????????????????? | | ?????????????????????????????????????????????????? | | ?????????????????????????????????????????????????? | | ?????????????????????????????????????????????????? | | ?????????????????????????????????????????????????? | | ?????????????????????????????????????????????????? | +----------------------------------------------------+ Best States ------------- Heat Dissipation 25 Energy Generation 10 Energy Capacity 650 Matter Stores 300 Matter Capacity 300 Sight Range 16 Terrain Scan Density 10 Evasion (%) 44 Targeting Accuracy 5 Recoil Reduction 1 Item Schematics ----------------- None Robot Schematics ------------------ None Fabricated ------------ Nothing Alien Tech Used ----------------- None Achievements -------------- None Challenges ------------ None Game ------ Seed AssembledCoreCloak Manual? 0 Play Time 00:23:01 Cumulative 17.2 hours Start 2021.07.12 @ 12:58:15 End 2021.07.12 @ 16:27:52 Sessions 3 Manual Loads 0 Difficulty Rogue Special Mode None Game No. 18 Rogue 18 Adventurer 0 Explorer 0 Win Type - Total 0 Types 0/0/0/0/0/0/0/0/0 Lore% 9 Gallery% 19 Achievement% 19 Wizard Run 0 Options --------- ASCII 0 Keyboard 1 Movement Numpad Keybinds 0 Fullscreen 2 Font 36/X11 Map View 76x50 Tactical HUD 1 Map Filters NONE Filters NONE Steam 1 RUN: 3c7bccdc-c118-47cb-98a5-36fac2bdfd41